 Dungeon Sprint DCSS version 0.28.0-43-g3370ac3207 (webtiles) character file.

Game seed: 5622764736167252250

27625 boopmooplesden the Executioner (level 13, -14/134 HPs)
             Began as a Minotaur Berserker on Mar 27, 2022.
             Was the Champion of Trog.
             Demolished by an eldritch tentacle (15 damage)
             ... called by an oklob plant demonologist
             ... while paralysed by a hornet
             ... in the Dungeon (Sprint IV: "Fedhas' Mad Dash").
             The game lasted 00:10:54 (6196 turns).

boopmooplesden the Executioner (Minotaur Berserker) Turns: 6196, Time: 00:10:54

Health: -14/134    AC:  6    Str: 25    XL:     13   Next: 5%
Magic:  12/12      EV:  2    Int:  7    God:    Trog [******]
Gold:   147        SH:  0    Dex: 18    Spells: 12/12 levels left

rFire   . . .      SeeInvis .   d - +6 executioner's axe (vorpal)
rCold   + . .      Faith    .   (shield currently unavailable)
rNeg    + + .      Spirit   .   A - +5 faerie dragon scales {rC+ rCorr Clar}
rPois   .          Reflect  .   (helmet restricted)
rElec   .          Harm     .   (no cloak)
rCorr   +          Rampage  .   (no gloves)
Will    +....      Clarity  +   (no boots)
Stlth   +++++..... NoTele   +   y - amulet "Qoarirch" {Acrobat Fragile rN+ rCorr Int+3}
HPRegen 0.32/turn               t - ring of Sodax {rN+ Will+ Dex+6}
MPRegen 0.13/turn               (no ring)

@: paralysed, lethally poisoned (-14 -> -19), corroded, on berserk cooldown,
slowed
A: horns 2, retaliatory headbutt
a: Renounce Religion, Berserk, Trog's Hand, Brothers in Arms


You were in the Dungeon.
You worshipped Trog.
Trog was exalted by your worship.
You visited 1 branch You collected 407 gold pieces.
You spent 260 gold pieces at shops.

Inventory:

Hand Weapons
 a - a +0 hand axe
 d - a +6 vorpal executioner's axe (weapon)
 p - a +3 battleaxe
 q - a +4 antimagic great mace
 r - the +8 flail of the Moon {antimagic, rPois Str+3}
   (You found it in the Dungeon)

   It reduces the magical energy of the wielder, and disrupts the spells and
   magical abilities of those it strikes.
   Natural abilities and divine invocations are not affected.
   Str:       It affects your strength (+3).
   rPois:     It protects you from poison.
 u - the +8 storm bow {elec, penet}
   (You took it off a spriggan in the Dungeon)

   Any ammunition fired from it occasionally discharges a powerful burst of
   electricity upon striking a foe.
   Any ammunition fired by it passes through the targets it hits, potentially
   hitting all targets in its path until it reaches maximum range.
 z - a +2 spectral lajatang
Missiles
 m - 2 atropa-tipped darts (quivered)
 v - 22 arrows
 w - 2 javelins
Armour
 b - a +0 animal skin
 e - a +0 chain mail
 l - a +0 ring mail
 o - a +0 troll leather armour
 x - the +3 scale mail of Mumblety Peg {-Cast Will+ Str+3 Slay+3}
   (You bought it in a shop in the Dungeon)

   Str:       It affects your strength (+3).
   Slay:      It affects your accuracy & damage with ranged weapons and melee
   (+3).
   -Cast:     It prevents spellcasting.
   Will:      It increases your willpower.
 A - the +5 faerie dragon scales (worn) {rC+ rCorr Clar}
   (You took it off the Enchantress in the Dungeon)

   rC:        It protects you from cold.
   Clar:      It protects you against confusion.
   rCorr:     It protects you from acid and corrosion.
Jewellery
 k - the amulet of invisibility {+Inv}
   (You found it in the Dungeon)

   [amulet of nothing]

   +Inv:      It lets you turn invisible.
 t - the ring of Sodax (left hand) {rN+ Will+ Dex+6}
   (You found it in the Dungeon)

   [ring of positive energy]

   Dex:       It affects your dexterity (+6).
   rN:        It protects you from negative energy.
   Will:      It increases your willpower.
 y - the amulet "Qoarirch" (around neck) {Acrobat Fragile rN+ rCorr Int+3}
   (You found it in the Dungeon)

   [amulet of the acrobat]

   It increases your evasion while moving and waiting.
   Int:       It affects your intelligence (+3).
   rN:        It protects you from negative energy.
   rCorr:     It protects you from acid and corrosion.
   Fragile:   It will be destroyed if unequipped.
Scrolls
 h - a scroll of blinking
 i - a scroll of vulnerability {unknown}
 s - a scroll of immolation {unknown}
Potions
 c - 2 potions of curing
 f - 2 potions of magic
 g - a potion of berserk rage
 j - a potion of might
Miscellaneous
 n - a lightning rod (4/4)


   Skills:
 + Level 18.0 Fighting
 + Level 23.8(24.4) Axes
 + Level 9.7(18.2) Maces & Flails
 + Level 2.5 Throwing
 + Level 12.9 Armour
 + Level 9.3 Dodging
 + Level 12.9 Stealth
 + Level 11.9 Evocations


You had 12 spell levels left.
You didn't know any spells.
Your spell library was empty.

Dungeon Overview and Level Annotations

Branches:
Dungeon (1/1)

Altars:
Cheibriados
Dithmenos
Elyvilon
Gozag
Hepliaklqana
Kikubaaqudgha
Makhleb
Nemelex Xobeh
Okawaru
Qazlal
Ru
Sif Muna
Trog
Uskayaw
Vehumet
Wu Jian
Xom
Yredelemnul
Zin
The Shining One
Beogh
Jiyva
Lugonu

Shops:
D (*?(!=***=!(!:*([==?=


Innate Abilities, Weirdness & Mutations

You have a pair of horns on your head.
You reflexively headbutt those who attack you in melee.


Message History

You slash the oklob plant annihilator!
You headbutt the oklob plant annihilator.
The oklob plant annihilator is moderately damaged.
You slash the hornet!
The hornet stings you but does no damage.
The hornet closely misses you.
You slice the oklob plant annihilator!!
You headbutt the oklob plant annihilator.
You destroy the oklob plant annihilator!
Trog accepts your kill.
Trog appreciates your killing of a magic user.
You slash the hornet! The hornet stings you.
You are poisoned.
You feel as though you will be slow longer.
You closely miss the hornet.
The hornet is severely wounded.
You feel very sick. The hornet closely misses you.
The eldritch tentacle closely misses you.
You furiously retaliate!
You headbutt the eldritch tentacle, but do no damage.
The eldritch tentacle barely misses you.
The hornet stings you.
You suddenly lose the ability to move!
You feel sick. The hornet stings you!
You feel as though you will be slow longer.
The eldritch tentacle slaps you but does no damage.
The eldritch tentacle claws you but does no damage.
The hornet stings you but does no damage.
You feel sick.
The eldritch tentacle slaps you but does no damage.
The eldritch tentacle claws you!
You are engulfed in flames!!
The hornet stings you but does no damage.
The eldritch tentacle slaps you!
* * * LOW HITPOINT WARNING * * *
The eldritch tentacle shocks you!
* * * LOW HITPOINT WARNING * * *
The eldritch tentacle claws you!
* * * LOW HITPOINT WARNING * * *
The eldritch tentacle freezes you! You resist.
You die...

#.....)..♣..♣..♣..♣..♣..♣
#...........)........)...
#........♣..♣..♣..♣..♣..♣
##''''###################
#......# #....Λ.#########
##..*.\.........
#.....w........
#......@y......
#..............
###############


You could see an eldritch tentacle and a hornet.

Vanquished Creatures
  Agnes (D)
  A ghost moth (D)
  4 spriggan defenders (D)
  4 spriggan berserkers (D)
  4 spriggan druids (D)
  25 oklob plants (D)
  3 moths of wrath (D)
  4 demonic crawlers (D)
  3 burning bushes (D)
  3 wandering mushrooms (D)
  A queen bee (D)
  8 hornets (D)
  4 scorpions (D)
  4 killer bees (D)
  5 oklob saplings (D)
  10 spriggans (D)
  A river rat (D)
  A rat (D)
  A bush (D)
87 creatures vanquished.

Vanquished Creatures (collateral kills)
  the Enchantress (D)
1 creature vanquished.

Vanquished Creatures (others)
  2 ballistomycete spores (D)
  A bush (D)
  3 fungi (D)
6 creatures vanquished.

Grand Total: 94 creatures vanquished

Notes
Turn   | Place    | Note
-------+----------+-------------------------------------------
     0 | D        | boopmooplesden the Minotaur Berserker began the quest for
                  | the Orb.
     0 | D        | Reached XP level 1. HP: 19/19 MP: 0/0
    10 | D        | Reached skill level 4 in Axes
    10 | D        | Reached XP level 2. HP: 28/28 MP: 1/1
    19 | D        | Noticed an oklob sapling
    81 | D        | Killed an oklob sapling
    81 | D        | Reached ** piety under Trog
    82 | D        | Reached skill level 6 in Axes
    82 | D        | Reached XP level 3. HP: 37/37 MP: 2/2
    83 | D        | Noticed a scorpion
    83 | D        | Found the amulet of invisibility {+Inv}
    86 | D        | Killed a scorpion
    87 | D        | Reached skill level 7 in Axes
    87 | D        | Reached XP level 4. HP: 47/47 MP: 3/3
   260 | D        | Found an opulent altar of Gozag.
   260 | D        | Found a hazy altar of Hepliaklqana.
   260 | D        | Found a snail-covered altar of Cheibriados.
   261 | D        | Found a viscous altar of Jiyva.
   261 | D        | Found a burning altar of Makhleb.
   261 | D        | Found a sparkling altar of Nemelex Xobeh.
   261 | D        | Found a sacrificial altar of Ru.
   261 | D        | Found a shimmering blue altar of Sif Muna.
   261 | D        | Found a bloodstained altar of Trog.
   261 | D        | Found an ornate altar of the Wu Jian Council.
   261 | D        | Found a shimmering altar of Xom.
   261 | D        | Found a basalt altar of Yredelemnul.
   262 | D        | Found an iron altar of Okawaru.
   262 | D        | Found a shadowy altar of Dithmenos.
   262 | D        | Found a glowing silver altar of Zin.
   263 | D        | Found an ancient bone altar of Kikubaaqudgha.
   263 | D        | Found a hide-covered altar of Uskayaw.
   264 | D        | Found a stormy altar of Qazlal.
   264 | D        | Found a white marble altar of Elyvilon.
   264 | D        | Found a glowing golden altar of the Shining One.
   265 | D        | Found a corrupted altar of Lugonu.
   265 | D        | Found a radiant altar of Vehumet.
   271 | D        | Reached skill level 8 in Axes
   271 | D        | Reached skill level 1 in Evocations
   271 | D        | Reached XP level 5. HP: 56/56 MP: 1/4
   320 | D        | Reached *** piety under Trog
   321 | D        | Reached skill level 9 in Axes
   321 | D        | Reached skill level 1 in Stealth
   454 | D        | Reached skill level 5 in Armour
   454 | D        | Reached XP level 6. HP: 66/66 MP: 5/5
   460 | D        | Reached skill level 10 in Fighting
   460 | D        | Reached skill level 10 in Axes
   468 | D        | Found Cedudgh's Assorted Antiques.
   468 | D        | Found Boarok's Book Emporium.
   474 | D        | Bought a scroll labelled HAECHO VUOTSO for 22 gold pieces
   474 | D        | Bought a scroll labelled XIVVOA KUNGIU for 22 gold pieces
   617 | D        | Noticed a burning bush
   617 | D        | Noticed a wandering mushroom
   619 | D        | Noticed a wandering mushroom
   621 | D        | Killed a wandering mushroom
   621 | D        | Reached **** piety under Trog
   622 | D        | Reached skill level 11 in Axes
   622 | D        | Reached skill level 5 in Dodging
   622 | D        | Reached XP level 7. HP: 74/74 MP: 3/6
   628 | D        | Killed a wandering mushroom
   838 | D        | Killed a burning bush
   839 | D        | Reached skill level 12 in Axes
   839 | D        | Reached skill level 5 in Evocations
   990 | D        | Found Jiomopre's Jewellery Shoppe.
   991 | D        | Found Wiguvvox's Jewellery Emporium.
  1051 | D        | Noticed a queen bee
  1059 | D        | Reached XP level 8. HP: 83/83 MP: 4/7
  1059 | D        | Reached ***** piety under Trog
  1063 | D        | Killed a queen bee
  1064 | D        | Received a gift from Trog
  1065 | D        | Reached skill level 13 in Axes
  1217 | D        | Noticed an oklob plant
  1223 | D        | Killed an oklob plant
  1224 | D        | Reached skill level 5 in Stealth
  1265 | D        | Noticed a burning bush
  1271 | D        | Killed a burning bush
  1284 | D        | Noticed a burning bush
  1284 | D        | Noticed an oklob plant
  1285 | D        | Noticed a wandering mushroom
  1290 | D        | Killed a burning bush
  1291 | D        | Reached skill level 14 in Axes
  1291 | D        | Reached XP level 9. HP: 86/92 MP: 8/8
  1468 | D        | Killed an oklob plant
  1472 | D        | Received a gift from Trog
  1474 | D        | Identified the +8 flail of the Moon {antimagic, rPois
                  | Str+3}
  1503 | D        | Noticed a spriggan druid
  1507 | D        | Killed a spriggan druid
  1508 | D        | Reached skill level 15 in Axes
  1508 | D        | Reached skill level 1 in Maces & Flails
  1540 | D        | Noticed an oklob plant conjurer
  1542 | D        | Killed an oklob plant conjurer
  1780 | D        | Noticed an oklob plant
  1781 | D        | Noticed an oklob plant shifter
  1781 | D        | Noticed an oklob plant summoner
  1789 | D        | Killed an oklob plant
  1793 | D        | Killed an oklob plant summoner
  1794 | D        | Reached XP level 10. HP: 97/101 MP: 1/9
  1809 | D        | Killed an oklob plant shifter
  1809 | D        | Received a gift from Trog
  1946 | D        | Reached skill level 16 in Axes
  1946 | D        | Reached skill level 5 in Maces & Flails
  1948 | D        | Noticed a spriggan rider
  1955 | D        | Found Gonot's Magic Scroll Emporium.
  1958 | D        | Killed a spriggan rider
  1962 | D        | Found Ohy Goes's Jewellery Shoppe.
  2234 | D        | Noticed Agnes
  2242 | D        | Killed Agnes
  2243 | D        | Reached skill level 1 in Throwing
  2243 | D        | Noticed a spriggan berserker
  2247 | D        | Killed a spriggan berserker
  2247 | D        | Received a gift from Trog
  2248 | D        | Reached skill level 17 in Axes
  2248 | D        | Reached skill level 10 in Stealth
  2248 | D        | Found Ysops's Antique Weapon Emporium.
  2474 | D        | Found Titawk's Armour Shoppe.
  2480 | D        | Noticed a spriggan defender
  2487 | D        | Killed a spriggan defender
  2488 | D        | Reached skill level 10 in Evocations
  2488 | D        | Reached XP level 11. HP: 111/111 MP: 10/10
  2491 | D        | Identified the ring of Sodax {rN+ Will+ Dex+6}
  2535 | D        | Noticed a spriggan rider
  2801 | D        | Found Ylecui's General Store.
  2801 | D        | Found Virgh's Magic Scroll Emporium.
  2801 | D        | Found Zoaguiq's Antique Weapon Shoppe.
  2810 | D        | Received a gift from Trog
  2815 | D        | Killed a ghost moth
  2816 | D        | Reached skill level 18 in Axes
  2888 | D        | Noticed an oklob plant meteorologist
  2889 | D        | Noticed an oklob plant shifter
  2894 | D        | Killed an oklob plant shifter
  2904 | D        | Killed an oklob plant meteorologist
  2905 | D        | Reached skill level 15 in Fighting
  2938 | D        | Noticed a spriggan rider
  2942 | D        | Reached skill level 10 in Armour
  2943 | D        | Received a gift from Trog
  2992 | D        | Noticed an oklob plant summoner
  3015 | D        | Reached ****** piety under Trog
  3064 | D        | Found Pejukkexo's Weapon Emporium.
  3065 | D        | Found Ofeaclil's Distillery.
  3071 | D        | Killed an oklob plant summoner
  3072 | D        | Reached skill level 19 in Axes
  3089 | D        | Found Gucun's Distillery.
  3089 | D        | Found Joacun's Jewellery Boutique.
  3089 | D        | Found Jimupuewn's Assorted Antiques.
  3090 | D        | Found Emmessel's Jewellery Emporium.
  3090 | D        | Found Wuowoavi's Weapon Shop.
  3090 | D        | Found Paysy's General Store.
  3090 | D        | Found Yplanaor's Distillery.
  3090 | D        | Found Asyko's Assorted Antiques.
  3093 | D        | Received a gift from Trog
  3126 | D        | Bought an ancient scale mail for 216 gold pieces
  3126 | D        | Identified the +3 scale mail of Mumblety Peg {-Cast Will+
                  | Str+3 Slay+3} (You bought it in a shop in the Dungeon)
  3140 | D        | Noticed an oklob plant
  3140 | D        | Noticed an oklob plant
  3140 | D        | Noticed an oklob plant
  3141 | D        | Noticed an oklob plant
  3141 | D        | Noticed an oklob plant
  3141 | D        | Noticed an oklob plant
  3141 | D        | Noticed an oklob plant
  3142 | D        | Killed an oklob plant
  3143 | D        | Noticed an oklob plant
  3146 | D        | Killed an oklob plant
  3147 | D        | Noticed an oklob plant
  3151 | D        | Killed an oklob plant
  3152 | D        | Noticed an oklob plant
  3351 | D        | Noticed an oklob plant demonologist
  3351 | D        | Noticed an oklob plant annihilator
  3357 | D        | Noticed a spriggan berserker
  3357 | D        | Found the +10 Black Knight's barding {ponderous, rPois rN+}
  3363 | D        | Killed an oklob plant annihilator
  3370 | D        | Killed a spriggan berserker
  3371 | D        | Reached skill level 20 in Axes
  3374 | D        | Killed an oklob plant demonologist
  3374 | D        | Received a gift from Trog
  3375 | D        | Reached XP level 12. HP: 112/122 MP: 9/11
  3720 | D        | Identified the amulet "Qoarirch" {Acrobat Fragile rN+ rCorr
                  | Int+3}
  4300 | D        | Received a gift from Trog
  4301 | D        | Reached skill level 21 in Axes
  4590 | D        | Noticed a spriggan defender
  4590 | D        | Noticed a spriggan defender
  4604 | D        | Killed a spriggan defender
  4605 | D        | Killed a spriggan defender
  4899 | D        | Reached skill level 22 in Axes
  4901 | D        | Received a gift from Trog
  5714 | D        | Noticed a spriggan defender
  5722 | D        | Killed a spriggan defender
  5724 | D        | Reached skill level 23 in Axes
  5727 | D        | Noticed the Enchantress
  5736 | D        | Killed the Enchantress
  5736 | D        | Received a gift from Trog
  5897 | D        | Reached XP level 13. HP: 134/134 MP: 12/12
  6194 | D        | Paralysed by a hornet for 3 turns
  6196 | D        | HP: 1/134 [eldritch tentacle[an oklob plant demonologist]
                  | (15)]
  6196 | D        | Demolished by an eldritch tentacle

Illustrated notes

Levels and vault maps discovered:
D:        dungeon_sprint_fedhas [sprint_temple]

Skill      XL: |  1  2  3  4  5  6  7  8  9 10 11 12 13 |
---------------+----------------------------------------+-----
Fighting       | 4 6 7 8 9 11 12 13 14 15 17 18 | 18.0
Axes           | 4 6 7 8 9 11 12 14 15 17 20 23 | 23.8
Armour         | 3 4 5 6 7 9 10 12 | 12.9
Dodging        | 3 4 5 6 7 8 9 |  9.3
Evocations     | 1 2 3 5 7 8 10 11 | 11.9
Stealth        | 1 2 3 6 8 10 11 12 | 12.9
Maces & Flails | 3 8 9 |  9.7
Throwing       | 1 2 |  2.5

Action                   |  1- 3 |  4- 6 |  7- 9 | 10-12 | 13-15 || total
-------------------------+-------+-------+-------+-------+-------++-------
Melee: Hand axe          |     9 |    17 |    29 |       |       ||    55
       Headbutt          |     1 |     6 |    14 |    41 |     2 ||    64
       Battleaxe         |       |       |    19 |       |       ||    19
       Flail             |       |       |    13 |     5 |       ||    18
       Executioner's axe |       |       |       |   127 |     6 ||   133
Throw: Dart              |       |       |     1 |     3 |       ||     4
Invok: Berserk           |     2 |     3 |     4 |    12 |     1 ||    22
       Brothers in Arms  |       |       |       |     5 |       ||     5
 Abil: Evoke Invisibilit |       |     4 |     7 |     6 |       ||    17
  Use: Scroll            |       |     3 |       |       |       ||     3
       Potion            |       |       |       |     2 |       ||     2
 Stab: Sleeping          |       |     2 |     3 |     7 |       ||    12
       Invisible         |       |       |    10 |     7 |       ||    17
       Distracted        |       |       |       |     1 |       ||     1
Armor: Troll leather arm |       |       |     1 |     5 |       ||     6
       Scale mail        |       |       |       |     3 |       ||     3
       Acid dragon scale |       |       |       |       |     6 ||     6
Dodge: Dodged            |     1 |     4 |    17 |    54 |     5 ||    81
